 Dungeon Crawl Stone Soup version 0.22.1-2-g9c5b331 (webtiles) character file.

34 Fang the Skirmisher (level 3, 0/24 HPs)
             Began as a Gargoyle Berserker on Dec 3, 2018.
             Was a Believer of Trog.
             Shot with a stone by a goblin (7 damage)
             ... on level 3 of the Dungeon.
             The game lasted 00:01:02 (1122 turns).

Fang the Skirmisher (Gargoyle Berserker)            Turns: 1122, Time: 00:01:02

Health: 0/24       AC:  3    Str: 21    XL:     3   Next: 31%
Magic:  3/3        EV: 12    Int:  7    God:    Trog [**....]
Gold:   102        SH:  0    Dex:  9    Spells: 2/2 levels left

rFire    . . .     SeeInvis .   a - +0 hand axe
rCold    . . .     Gourm    .   (no shield)
rNeg     + . .     Faith    .   (no armour)
rPois    ∞         Spirit   .   (no helmet)
rElec    +         Reflect  .   (no cloak)
rCorr    .         Harm     .   (no gloves)
MR       .....                  (no boots)
Stlth    +.........             (no amulet)
HPRegen  0.08/turn              (no ring)
MPRegen  0.08/turn              (no ring)

@: no status effects
A: negative energy resistance 1, electricity resistance, unbreathing,
petrification resistance, rot immunity, AC +3
a: Berserk, Trog's Hand, Renounce Religion


You were on level 3 of the Dungeon.
You worshipped Trog.
Trog was pleased with you.
You were hungry.

You visited 1 branch of the dungeon, and saw 3 of its levels.

You collected 102 gold pieces.

Inventory:

Hand Weapons
 a - a +0 hand axe (weapon)
Armour
 g - a +0 ring mail
 k - a +0 chain mail
Scrolls
 e - a scroll of blinking {unknown}
 f - a scroll of immolation {unknown}
 h - a scroll of enchant armour {unknown}
 i - a scroll of remove curse {unknown}
Potions
 b - 3 potions of curing {unknown}
 d - 2 potions of agility {unknown}
 j - a potion of might {unknown}
Comestibles
 c - 3 rations


   Skills:
 + Level 3.7 Fighting
 + Level 3.3 Axes
 + Level 2.5 Armour
 + Level 1.7 Dodging
 + Level 0.2 Stealth


You had 2 spell levels left.
You didn't know any spells.
Your spell library was empty.

Dungeon Overview and Level Annotations

Branches:
Dungeon (3/15)

Altars:
Cheibriados
Dithmenos
Fedhas
Gozag
Okawaru
Ru
Sif Muna
Uskayaw
Vehumet
Yredelemnul
Zin


Innate Abilities, Weirdness & Mutations

You are resistant to torment.
Your stone body is resilient. (AC +3)
You are immune to poison.
You resist negative energy. (rN+)
You are resistant to electric shocks. (rElec)
You can survive without breathing.
You are immune to petrification.
You are immune to rotting.


Message History

The goblin shoots a stone.
The stone hits you but does no damage.
You finish taking off your +0 ring mail.
Wear which item? (? for menu, Esc to quit)
Keep equipping yourself?
The goblin shoots a stone.
The stone closely misses you.
The goblin shoots a stone.
The stone hits you.
You start putting on your armour.
You continue putting on your chain mail.
The goblin shoots a stone.
The stone closely misses you.
You continue putting on your chain mail.
The goblin shoots a stone.
The stone hits you.
The goblin shoots a stone.
The stone closely misses you.
You continue putting on your chain mail.
The goblin shoots a stone.
The stone hits you!
* * * LOW HITPOINT WARNING * * *
The goblin shoots a stone.
The stone barely misses you.
You continue putting on your chain mail.
The goblin shoots a stone.
The stone closely misses you.
The goblin shoots a stone.
The stone hits you!
You die...

.. .. . .##
#.. # #.#
.###.##.######
.......<...(.#
###..?...g.@.#
#.....)####.#
........# .#
##....... g.
##...... ...
##.#.... ..g.
###.### .##.#
#. .# .#


You could see a hobgoblin and 2 goblins.

Vanquished Creatures
  3 dart slugs (D:1)
  A leopard gecko (D:1)
  2 bats (D:1)
  2 giant cockroaches (D:2)
  A goblin (D:2)
  4 hobgoblins
  A ball python (D:1)
  2 frilled lizards (D:1)
  7 kobolds
  4 rats
27 creatures vanquished.

Notes
Turn   | Place    | Note
-------+----------+-------------------------------------------
     0 | D:1      | Fang the Gargoyle Berserker began the quest for the Orb.
     0 | D:1      | Reached XP level 1. HP: 14/14 MP: 1/1
    94 | D:1      | Reached XP level 2. HP: 19/19 MP: 2/2
   565 | D:2      | Reached XP level 3. HP: 24/24 MP: 3/3
   918 | D:2      | Found a hide-covered altar of Uskayaw.
   922 | D:2      | Found an opulent altar of Gozag.
   927 | D:2      | Found a shadowy altar of Dithmenos.
   928 | D:2      | Found a sacrificial altar of Ru.
   928 | D:2      | Found a snail-covered altar of Cheibriados.
   928 | D:2      | Found an iron altar of Okawaru.
   928 | D:2      | Found a glowing silver altar of Zin.
   929 | D:2      | Found a deep blue altar of Sif Muna.
   930 | D:2      | Found a basalt altar of Yredelemnul.
   931 | D:2      | Found a radiant altar of Vehumet.
   933 | D:2      | Found a blossoming altar of Fedhas.
   971 | D:2      | Found a faded altar of an unknown god.
  1107 | D:3      | Reached ** piety under Trog
  1122 | D:3      | Shot with a stone by a goblin

Skill      XL: |  1  2 |
---------------+-------+-----
Axes           | 3 |  3.3
Fighting       | |  3.7
Armour         | |  2.5
Dodging        | |  1.7
Stealth        | |  0.2

Action                   || total
-------------------------++-------
Melee: Hand axe          ||    72
 Stab: Sleeping          ||     1
Armor: Animal skin       ||     9
       Ring mail         ||    23
Dodge: Dodged            ||    36
